 Dungeon Crawl Stone Soup version 0.29.0-13-gc9e81de378 (webtiles) character file.

Game seed: 11729967605243342622

2675 gdog the Summoner (level 9, -1/66 HPs)
             Began as a Gnoll Summoner on Sept 11, 2022.
             Was an Initiate of Gozag.
             Slain by an unseen horror (5 damage)
             ... on level 7 of the Dungeon.
             The game lasted 00:42:53 (9247 turns).

gdog the Summoner (Gnoll Summoner)                  Turns: 9247, Time: 00:42:53

Health: -1/66      AC:  5    Str:  7    XL:     9   Next: 64%
Magic:  19/19      EV: 13    Int: 19    God:    Gozag
Gold:   548        SH:  0    Dex: 13    Spells: 4/21 levels left

rFire   + + .      SeeInvis .   a - +4 trident (freeze)
rCold   . . .      Faith    .   (no shield)
rNeg    . . .      Spirit   .   p - +0 leather armour
rPois   .          Reflect  .   c - +2 hat {Stlth+}
rElec   .          Harm     .   (no cloak)
rCorr   .          Rampage  .   (no gloves)
Will    .....                   (no boots)
Stlth   ++++......              (no amulet)
HPRegen 0.21/turn               i - ring of protection from fire
MPRegen 0.16/turn               x - ring of protection from fire

@: no status effects
A: fangs 1, strong nose, distributed training
a: Renounce Religion, Potion Petition, Call Merchant, Bribe Branch


You were on level 7 of the Dungeon.
You worshipped Gozag.
Gozag was pleased with you.
You visited 2 branches of the dungeon, and saw 8 of its levels.

You collected 621 gold pieces.
You paid 73 gold pieces to Gozag.

Inventory:

Hand Weapons
 a - a +4 trident of freezing (weapon)
 b - a +1 vorpal shortbow
 e - a +0 war axe
 n - a +0 dagger
 s - a +2 whip of freezing
Missiles
 w - 3 datura-tipped darts
 y - 3 javelins
Armour
 c - a +2 hat of stealth (worn)
 f - a +0 robe
 k - a +1 ring mail
 l - a +0 crystal plate armour
 p - a +0 leather armour (worn)
Jewellery
 i - a ring of protection from fire (left hand)
 x - a ring of protection from fire (right hand)
Wands
 j - a wand of roots (5)
 m - a wand of mindburst (4)
Scrolls
 t - 2 scrolls of identify
 A - a scroll of vulnerability {unknown}
Potions
 g - 2 potions of attraction
 r - 2 potions of ambrosia {unknown}
 v - a potion of magic
 z - a potion of flight {unknown}


   Skills:
 + Level 4.6 Fighting
 + Level 4.6 Short Blades
 + Level 4.6 Long Blades
 + Level 4.6 Axes
 + Level 4.6 Maces & Flails
 + Level 4.6 Polearms
 + Level 4.6 Staves
 + Level 4.6 Ranged Weapons
 + Level 4.6 Throwing
 + Level 4.6 Armour
 + Level 6.6 Dodging
 + Level 6.3 Stealth
 + Level 4.6 Shields
 + Level 4.6 Unarmed Combat
 + Level 6.9 Spellcasting
 + Level 3.8 Conjurations
 + Level 3.8 Hexes
 + Level 8.1 Summonings
 + Level 3.8 Necromancy
 + Level 3.8 Translocations
 + Level 3.8 Transmutations
 + Level 3.8 Fire Magic
 + Level 3.8 Ice Magic
 + Level 3.8 Air Magic
 + Level 3.8 Earth Magic
 + Level 3.8 Poison Magic
 + Level 5.1 Invocations
 + Level 4.6 Evocations


You had 4 spell levels left.
You knew the following spells:

 Your Spells              Type           Power      Damage    Failure   Level
a - Summon Small Mammal   Summ           100%       N/A       1%          1
b - Call Imp              Summ           37%        N/A       1%          2
c - Call Canine Familiar  Summ           37%        N/A       1%          3
d - Summon Guardian Gole  Hex/Summ       29%        N/A       3%          3
e - Summon Lightning Spi  Summ/Air       29%        N/A       12%         4
f - Iskenderun's Mystic   Conj/Tloc      21%        2d6       30%         4

Your spell library contained the following spells:

 Spells                   Type           Power      Damage    Failure   Level
 Apportation              Tloc           42%        N/A       3%          1
 Necrotise                Necr           84%        1d8       3%          1
 Sandblast                Erth           42%        2d11      3%          1
 Passwall                 Tmut/Erth      17%        N/A       4%          2
 Conjure Flame            Conj/Fire      21%        6-21      9%          3
 Ignite Poison            Fire/Tmut/Pois 21%        N/A       9%          3
 Stone Arrow              Conj/Erth      42%        3d9       9%          3
 Fulminant Prism          Conj/Hex       10%        3d9       30%         4
 Sticky Flame             Conj/Fire      21%        2d4       30%         4
 Lee's Rapid Deconstruct  Erth           10%        3d9*      63%         5
 Malign Gateway           Summ/Tloc      14%        N/A       100%        7
 Orb of Destruction       Conj           10%        9d6       100%        7
 Spellforged Servitor     Conj/Summ      14%        N/A       100%        7
 Summon Horrible Things   Summ           18%        N/A       100%        8


Dungeon Overview and Level Annotations

Branches:
Dungeon (7/15)             Temple (1/1) D:5

Altars:
Ashenzari
Cheibriados
Dithmenos
Elyvilon
Gozag
Okawaru
Qazlal
Ru
Sif Muna
Trog
Uskayaw
Vehumet
Wu Jian
Xom
The Shining One

Shops:
D:5 (

Annotations:
D:4 2 runed translucent doors


Innate Abilities, Weirdness & Mutations

You have very sharp teeth.
Your uncanny sense of smell can sniff out nearby items.
Your experience applies equally to all skills.


Message History

Something hits you. Something hits you but does no damage.
You miss something. You punch something. Something hits you but does no damage.
Something hits you. Something hits you!
You hit something. You freeze something. Your bite misses something.
Something hits you.
* * * LOW HITPOINT WARNING * * *
You feel much better. Something hits you! Something hits you.
You hit something. You freeze something. You punch something.
Something hits you.
You miss something. Something barely misses you. x2
You puncture something! You freeze something. Something hits you. x2
You miss something. Something barely misses you. Something hits you.
An ice beast comes into view.
You hit something but do no damage. Something barely misses you.
Something hits you! Something hits you.
* * * LOW HITPOINT WARNING * * *
Something hits you but does no damage. Something hits you!
* * * LOW HITPOINT WARNING * * *
A kobold brigand comes into view.
It is wielding a +0 whip and quivering curare-tipped darts.
Something barely misses you.
You miss something. Something hits you but does no damage. Something hits you.
* * * LOW HITPOINT WARNING * * *
Something barely misses you.
Okay, then.
Okay, then.
You feel better. Something hits you!
* * * LOW HITPOINT WARNING * * *
Okay, then.
Magic scrolls do not work when you're silenced!
Unknown command.
You miss something. Something hits you but does no damage. Something hits you.
* * * LOW HITPOINT WARNING * * *
You closely miss something.
Your hearing returns.
Something hits you but does no damage. Something hits you.
You die...
Your body crumbles into a pile of gold.

#.
#°§...#..
#.. ∆
#○°..♣...
...
#$$.....[
..♣ $
#...♣♣...
♣.♣
#$.♣♣♣#..
♣.♣ #...♣
#.. ♣K♣#
#.♣..♣#..
♣♣.#
#.♣♣..#..
♣♣@♣# #♣.
♣.#..
♣.♣♣ ♣
♣#.# ♣Y#
# #.#
♣♣.♣♣ .)
#..
#♣...♣#.♣
$ #.#
#.......♣
#..
#♣...♣#.♣
#.. ♣♣.♣♣
.. #.#
### ##
#.#


You could see an ice beast.

Vanquished Creatures
  A water moccasin (D:6)
  A black bear (D:6)
  A bullfrog (D:7)
  A scorpion (D:7)
  A hound (D:7)
  2 orc wizards (D:5)
  2 gnolls
  2 adders (D:2)
  A white imp (D:7)
  A worm (D:4)
  An orc (D:3)
  4 ball pythons
  A bat (D:2)
  2 endoplasms
  A hobgoblin (D:4)
  A jackal (D:4)
  A quokka (D:1)
  2 rats (D:2)
26 creatures vanquished.

Vanquished Creatures (collateral kills)
  A steam dragon (D:6)
  A centaur (D:5)
  3 scorpions (D:6)
  A wight (D:6)
  A howler monkey (D:6)
  A jelly (D:6)
  2 iguanas
  6 adders
  6 gnolls
  A shadow imp (D:6)
  A white imp (D:4)
  An ufetubus (D:4)
  2 worms
  14 orcs
  7 bats
  8 endoplasms
  A giant cockroach (D:2)
  4 goblins
  3 hobgoblins
  7 jackals
  4 quokkas
  5 ball pythons
  3 frilled lizards (D:1)
  6 kobolds
  4 rats
93 creatures vanquished.

Vanquished Creatures (others)
  A steam dragon (D:7)
  2 orc warriors
  An ice beast (D:6)
  3 ogres (D:6)
  2 bullfrogs (D:6)
  4 scorpions
  A killer bee (D:7)
  A howler monkey (D:6)
  2 hounds
  A gnoll bouda (D:6)
  4 iguanas
  3 orc wizards
  8 gnolls
  4 orcs
37 creatures vanquished.

Grand Total: 156 creatures vanquished

Notes
Turn   | Place    | Note
-------+----------+-------------------------------------------
     0 | D:1      | gdog the Gnoll Summoner began the quest for the Orb.
     0 | D:1      | Reached XP level 1. HP: 13/13 MP: 6/6
   233 | D:1      | Reached XP level 2. HP: 19/19 MP: 4/7
   274 | D:1      | Learned a level 2 spell: Call Imp
  1252 | D:2      | Identified a scroll of acquirement
  1252 | D:2      | Acquired a +2 hat of stealth
  1279 | D:2      | Reached skill level 5 in Spellcasting
  1279 | D:2      | Reached XP level 3. HP: 25/25 MP: 4/9
  1491 | D:2      | Found a snail-covered altar of Cheibriados.
  1583 | D:2      | Reached skill level 1 in Invocations
  1668 | D:2      | Learned a level 3 spell: Call Canine Familiar
  1672 | D:2      | Learned a level 3 spell: Summon Guardian Golem
  1690 | D:2      | Reached skill level 1 in Fighting
  1690 | D:2      | Reached skill level 1 in Short Blades
  1690 | D:2      | Reached skill level 1 in Long Blades
  1690 | D:2      | Reached skill level 1 in Axes
  1690 | D:2      | Reached skill level 1 in Maces & Flails
  1690 | D:2      | Reached skill level 1 in Polearms
  1690 | D:2      | Reached skill level 1 in Staves
  1690 | D:2      | Reached skill level 1 in Ranged Weapons
  1690 | D:2      | Reached skill level 1 in Throwing
  1690 | D:2      | Reached skill level 1 in Armour
  1690 | D:2      | Reached skill level 1 in Shields
  1690 | D:2      | Reached skill level 1 in Unarmed Combat
  1690 | D:2      | Reached skill level 1 in Evocations
  1846 | D:2      | Reached XP level 4. HP: 32/32 MP: 11/11
  2123 | D:2      | Found a faded altar of an unknown god.
  2306 | D:3      | Reached skill level 1 in Conjurations
  2306 | D:3      | Reached skill level 1 in Hexes
  2306 | D:3      | Reached skill level 1 in Necromancy
  2306 | D:3      | Reached skill level 1 in Translocations
  2306 | D:3      | Reached skill level 1 in Transmutations
  2306 | D:3      | Reached skill level 1 in Fire Magic
  2306 | D:3      | Reached skill level 1 in Ice Magic
  2306 | D:3      | Reached skill level 1 in Air Magic
  2306 | D:3      | Reached skill level 1 in Earth Magic
  2306 | D:3      | Reached skill level 1 in Poison Magic
  2569 | D:3      | Reached XP level 5. HP: 37/37 MP: 4/12
  2923 | D:3      | Found a stormy altar of Qazlal.
  3521 | D:3      | Found a hide-covered altar of Uskayaw.
  3559 | D:3      | Reached XP level 6. HP: 44/44 MP: 13/13
  3886 | D:4      | Reached skill level 5 in Dodging
  4301 | D:4      | Found a large runed translucent door.
  4302 | D:4      | Found a large runed translucent door.
  4783 | D:4      | Learned a level 4 spell: Summon Lightning Spire
  4799 | D:5      | Entered Level 5 of the Dungeon
  4799 | D:5      | Found Nuagurol's Antique Weapon Shoppe.
  5123 | D:5      | Found a staircase to the Ecumenical Temple.
  5156 | Temple   | Entered the Ecumenical Temple
  5518 | D:5      | Reached XP level 7. HP: 51/51 MP: 9/15
  6067 | D:5      | Found an opulent altar of Gozag.
  6079 | D:5      | Became a worshipper of Gozag Ym Sagoz the Greedy
  6131 | D:6      | Reached skill level 5 in Stealth
  6371 | D:6      | Found a shimmering altar of Xom.
  6381 | D:6      | Reached XP level 8. HP: 44/58 MP: 11/16
  7577 | D:6      | Reached XP level 9. HP: 65/65 MP: 15/18
  7706 | D:6      | Learned a level 4 spell: Iskenderun's Mystic Blast
  7740 | D:6      | Found a bloodstained altar of Trog.
  8012 | D:6      | Reached skill level 8 in Summonings
  8592 | D:6      | Found a broken altar of Ashenzari.
  9117 | D:7      | Reached skill level 5 in Invocations
  9247 | D:7      | Slain by an unseen horror

Illustrated notes

Levels and vault maps discovered:
D:1:      minmay_arrival_four_houses, layout_rooms, serial_co_window_serial,
          co_window_corner_a, co_window_corner_a, co_window_of_opportunity_a,
          co_window_paths_a, co_window_corner_a, co_window_paths_a,
          co_window_paths_b, co_window_paths_a, co_window_paths_a,
          co_window_broadway_a, co_window_broadway_b, co_window_paths_c,
          co_window_broadway_c, co_window_2corner, co_window_unsneaky_path_e
D:2:      minmay_spotlight, layout_basic,
          hellmonk_ecumenical_altar_inner_sanctum, basic_altar,
          serial_park_tiny_2, chequers_serial_rivers_micro_b,
          minmay_misc_feat_enclosed
D:3:      layout_loops_corners, nicolae_uskayaw_dance_hall,
          nicolae_overflow_crystal_walls
D:4:      wad_crossroads, layout_cave_pools, jmf_multi_god_temple2,
          kennysheep_pointless_box, minmay_misc_feat_chi, grunt_decor_arrowhead
D:5:      layout_rooms, nicolae_gozag_cash_rules_everything_around_me,
          temple_fountains, nicolae_stop_n_shop_1
D:6:      nicolae_cairo_tiling_very_big, layout_cave_pools,
          mainiacjoe_overflow_small_starburst, xom_confusion_cloud,
          mainiacjoe_overflow_tiny_flanked, minmay_pentangle
D:7:      nzn_winding_woodlands_medium [nzn_winding_woodlands_5x5_default,
          nzn_winding_woodlands_5x15_pockets, nzn_winding_woodlands_hourglass,
          nzn_winding_woodlands_5x5_closed_star,
          nzn_winding_woodlands_center_lodge,
          nzn_winding_woodlands_5x5_perimeter,
          nzn_winding_woodlands_5x5_default,
          nzn_winding_woodlands_5x15_sawtooth,
          nzn_winding_woodlands_5x5_default], layout_basic,
          makhleb_grotto_becter, lightli_bailey_entry_fortress, sigmund_army
Temple:   grunt_temple_mini_profane

Skill      XL: |  1  2  3  4  5  6  7  8  9 |
---------------+----------------------------+-----
Spellcasting   | 5 6 |  6.9
Invocations    | 1 2 3 4 5 |  5.1
Fighting       | 1 2 3 4 |  4.6
Short Blades   | 1 2 3 4 |  4.6
Long Blades    | 1 2 3 4 |  4.6
Axes           | 1 2 3 4 |  4.6
Maces & Flails | 1 2 3 4 |  4.6
Polearms       | 1 2 3 4 |  4.6
Staves         | 1 2 3 4 |  4.6
Ranged Weapons | 1 2 3 4 |  4.6
Throwing       | 1 2 3 4 |  4.6
Armour         | 1 2 3 4 |  4.6
Shields        | 1 2 3 4 |  4.6
Unarmed Combat | 1 2 3 4 |  4.6
Evocations     | 1 2 3 4 |  4.6
Conjurations   | 1 2 3 |  3.8
Hexes          | 1 2 3 |  3.8
Necromancy     | 1 2 3 |  3.8
Translocations | 1 2 3 |  3.8
Transmutations | 1 2 3 |  3.8
Fire Magic     | 1 2 3 |  3.8
Ice Magic      | 1 2 3 |  3.8
Air Magic      | 1 2 3 |  3.8
Earth Magic    | 1 2 3 |  3.8
Poison Magic   | 1 2 3 |  3.8
Dodging        | 5 6 |  6.6
Stealth        | 5 6 |  6.3
Summonings     | 8 |  8.1

Action                   |  1- 3 |  4- 6 |  7- 9 || total
-------------------------+-------+-------+-------++-------
Melee: Unarmed           |     5 |       |       ||     5
       Trident           |    13 |    30 |    76 ||   119
       Bite              |     1 |     5 |    10 ||    16
       Whip              |       |       |    23 ||    23
       Punch             |       |       |     3 ||     3
 Fire: Shortbow          |       |       |     1 ||     1
 Cast: Summon Small Mamm |    31 |    32 |    40 ||   103
       Call Imp          |     9 |    19 |     2 ||    30
       Call Canine Famil |       |    20 |    13 ||    33
       Summon Guardian G |       |    16 |    34 ||    50
       Summon Lightning  |       |       |     1 ||     1
  Use: Scroll            |     1 |     7 |     6 ||    14
       Potion            |       |     3 |     4 ||     7
 Stab: Sleeping          |     1 |     3 |       ||     4
Armor: Robe              |     6 |     2 |       ||     8
       Leather armour    |       |     9 |    53 ||    62
Dodge: Dodged            |    22 |    33 |    76 ||   131
